Blackhawks vs Coyotes
Created - February 1, 2020 at 19:31
Goals
|
Blackhawks |
0 |
1 |
1 |
2 |
Coyotes |
1 |
1 |
1 |
3 |
|
Shots
|
Blackhawks |
9 |
13 |
10 |
32 |
Coyotes |
10 |
14 |
8 |
32 |
|
1st period
1. Coyotes , Brad Richards 8 (Zach Parise 16, Anton Stralman 11) at 16:03
Penalties :
Andrew MacDonald (Ari) for Goalie Interference (Minor) at 12:22, Michael Del Zotto (Ari) for Roughing (Minor) at 19:03
2nd period
2. Blackhawks , John Carlson 8 (Mike Green 18, Antoine Roussel 15) at 9:22
3. Coyotes , Martin Samuelsson 2 (Anton Stralman 12, Evgeny Artyukhin 2) at 15:03
Penalties :
Garnet Hathaway (Chi) for Roughing (Minor) at 16:14
3rd period
4. Blackhawks , Chris Kreider 22 (Derick Brassard 42, John Carlson 35) at 12:29 (PP)
5. Coyotes , Marian Gaborik 23 (Nazem Kadri 31, Martin Samuelsson 7) at 18:34
Penalties :
Bobby Ryan (Chi) for Holding (Minor) at 1:57, Chris Kreider (Chi) for Interference (Minor) at 8:58, Brad Richards (Ari) for Hooking (Minor) at 12:15, Garnet Hathaway (Chi) for Holding (Minor) at 14:26
Goalie Stats
Jimmy Howard (Chi), 29 saves from 32 shots - (0.906), L, 19-14-4, 58:46 minutes
Maxime Daigneault (Ari), 30 saves from 32 shots - (0.938), W, 16-12-1, 60:00 minutes
Players Stats for Blackhawks
Player Name G A P +/- PIM S H SB GA TA FO MP PP MP PK MP
------------------------------------------------------------------------------------
Antoine Roussel 0 1 1 0 0 3 1 0 1 0 1/2 15:10 1:38 0:00
Bobby Ryan 0 0 0 0 2 0 1 0 0 0 1/1 10:59 0:00 0:00
Brandon Yip 0 0 0 -1 0 1 0 0 0 0 1/1 9:38 0:00 2:12
Chris Kreider 1 0 1 -1 2 3 2 0 2 0 1/3 21:23 2:34 2:50
Cody Hodgson 0 0 0 0 0 2 1 0 0 0 5/9 15:10 1:38 0:00
Derick Brassard 0 1 1 -1 0 3 0 0 1 1 9/24 20:22 2:34 1:43
Erik Christensen 0 0 0 0 0 1 0 0 0 0 4/5 11:31 0:00 0:43
Gabriel Bourque 0 0 0 -1 0 5 0 0 0 0 1/2 9:29 0:00 2:03
Garnet Hathaway 0 0 0 0 4 1 1 0 0 0 0/0 15:24 1:38 0:00
John Carlson 1 1 2 1 0 3 0 1 1 0 0/0 24:24 1:38 0:27
Justin Falk 0 0 0 -2 0 0 0 0 0 1 0/0 17:34 1:33 0:00
Kevin Marshall 0 0 0 -1 0 1 1 1 0 0 0/0 14:41 0:44 3:33
Matthew Spiller 0 0 0 -2 0 0 0 1 0 2 0/0 19:43 1:01 4:06
Mike Green 0 1 1 1 0 2 2 1 1 1 0/0 25:57 0:49 4:13
Rick Nash 0 0 0 -1 0 2 1 0 1 0 2/3 18:33 2:34 0:00
Scott Gomez 0 0 0 -1 0 2 1 1 0 0 4/9 11:10 0:00 4:05
Seth Jones 0 0 0 -1 0 1 0 1 0 2 0/0 17:41 2:39 3:33
Tomas Fleischmann 0 0 0 0 0 2 0 0 0 0 0/0 13:11 0:00 2:16
Players Stats for Coyotes
Player Name G A P +/- PIM S H SB GA TA FO MP PP MP PK MP
------------------------------------------------------------------------------------
Andrew MacDonald 0 0 0 1 2 0 0 0 0 0 0/0 11:51 0:00 0:00
Anton Stralman 0 2 2 1 0 4 1 1 0 0 0/0 26:20 5:12 2:53
Brad Richards 1 0 1 1 2 4 4 0 0 1 10/18 19:33 3:48 1:11
Chris Stewart 0 0 0 1 0 1 0 0 0 1 0/0 17:11 3:48 0:00
Evgeny Artyukhin 0 1 1 1 0 2 4 0 1 0 0/0 12:47 0:00 0:22
Jamie Arniel 0 0 0 1 0 0 1 0 1 1 2/5 13:12 0:04 0:00
Kristopher Letang 0 0 0 1 0 1 0 2 0 1 0/0 28:19 5:12 2:53
Marian Gaborik 1 0 1 0 0 4 3 0 1 0 0/0 24:26 4:08 0:00
Martin Samuelsson 1 1 2 1 0 2 0 0 0 0 3/5 15:02 0:04 2:39
Matt Donovan 0 0 0 1 0 0 1 0 0 0 0/0 12:21 0:00 0:37
Michael Del Zotto 0 0 0 0 2 0 0 1 0 0 0/0 20:02 2:44 0:42
Mike Weber 0 0 0 0 0 0 0 0 0 1 0/0 1:59 0:00 0:00
Nazem Kadri 0 1 1 0 0 2 1 0 0 0 13/27 18:57 4:04 0:00
Nick Bonino 0 0 0 0 0 0 0 0 1 0 2/4 6:08 0:00 0:00
Ramzi Abid 0 0 0 0 0 1 0 0 0 0 0/0 8:47 0:00 2:39
Thomas Hickey 0 0 0 0 0 0 2 1 0 0 0/0 19:57 2:44 1:19
Tyler Ennis 0 0 0 0 0 5 3 0 0 0 0/0 19:33 4:04 0:07
Zach Parise 0 1 1 1 0 6 1 2 3 2 0/0 19:20 3:48 1:26
3 Stars
1 - Martin Samuelsson (Ari)
2 - John Carlson (Chi)
3 - Anton Stralman (Ari)
Power Play
Blackhawks - 1 on 3 Attempt(s) - 33.33%
Coyotes - 0 on 4 Attempt(s) - 0.00%
Penalty Kill
Blackhawks - 4 on 4 Attempt(s) - 100.00%
- Score 0 goal in Penalty Kill
Coyotes - 2 on 3 Attempt(s) - 66.67%
- Score 0 goal in Penalty Kill
Team Stat
Blackhawks - Hits : 11 - Faceoff Wins : 29 - Blocked Shots : 6 - Penalty Minutes : 8
Coyotes - Hits : 21 - Faceoff Wins : 30 - Blocked Shots : 7 - Penalty Minutes : 6
Official
Referees : Unknown
Linesman : Unknown
Game Notes
No Game Note
Finance
Level 1 -- Attendance: 6000 (100.00%) -- Ticket Income $630,000
Level 2 -- Attendance: 4307 (86.14%) -- Ticket Income $292,876
Level 3 -- Attendance: 1984 (99.20%) -- Ticket Income $79,360
Level 4 -- Attendance: 3098 (77.45%) -- Ticket Income $92,940
Luxury Box -- Attendance: 996 (99.60%) -- Ticket Income $179,280
Game was played at the The Pack Center.
Total Attendance: 16385 (91.03%)
Total Ticket Income: $1,274,456
Other Income: $191,168
Total Income: $1,465,624
Blackhawks
5 vs 5 Forward
Center Left Wing Right Wing Time % Phy DF OF
1 Derick Brassard Chris Kreider Rick Nash 40 1 2 2
2 Cody Hodgson Antoine Roussel Garnet Hathaway 30 1 2 2
3 Erik Christensen Tomas Fleischmann Bobby Ryan 20 1 2 2
4 Scott Gomez Gabriel Bourque Brandon Yip 10 1 2 2
5 vs 5 Defense
Defense Defense Time % Phy DF OF
1 John Carlson Mike Green 40 1 2 2
2 Justin Falk Matthew Spiller 30 1 2 2
3 Seth Jones Kevin Marshall 20 1 2 2
4 John Carlson Mike Green 10 1 2 2
PowerPlay Forward
Center Left Wing Right Wing Time % Phy DF OF
1 Derick Brassard Chris Kreider Rick Nash 60 1 2 2
2 Cody Hodgson Antoine Roussel Garnet Hathaway 40 1 2 2
PowerPlay Defense
Defense Defense Time % Phy DF OF
1 John Carlson Seth Jones 60 1 2 2
2 Mike Green Justin Falk 40 1 2 2
Penalty Kill 4 Players Forward
Center Wing Time % Phy DF OF
1 Scott Gomez Chris Kreider 60 1 2 2
2 Derick Brassard Tomas Fleischmann 40 1 2 2
Penalty Kill 4 Players Defense
Defense Defense Time % Phy DF OF
1 Mike Green Matthew Spiller 60 1 2 2
2 Seth Jones Kevin Marshall 40 1 2 2
Penalty Kill - 3 Players Forward
Forward Time % Phy DF OF
1 Scott Gomez 60 1 2 2
2 Derick Brassard 40 1 2 2
Penalty Kill - 3 Players Defense
Defense Defense Time % Phy DF OF
1 Mike Green Matthew Spiller 60 1 2 2
2 Seth Jones Kevin Marshall 40 1 2 2
4 vs 4 Forward
Center Wing Time % Phy DF OF
1 Derick Brassard Chris Kreider 60 1 2 2
2 Scott Gomez Rick Nash 40 1 2 2
4 vs 4 Defense
Defense Defense Time % Phy DF OF
1 John Carlson Mike Green 60 1 2 2
2 Kevin Marshall Seth Jones 40 1 2 2
Last Minutes Offensive
Center Left Wing Right Wing Defense Defense
Derick Brassard Chris Kreider Rick Nash Mike Green John Carlson
Last Minutes Defensive
Center Left Wing Right Wing Defense Defense
Derick Brassard Chris Kreider Rick Nash Mike Green John Carlson
Goaltenders
Starting : Jimmy Howard
Backup : Ray Emery
Extra Forwards
Normal : Tomas Fleischmann, Erik Christensen, Garnet Hathaway - PP : Tomas Fleischmann, Brandon Yip - PK : Brandon Yip
Extra Defensemen
Normal : Seth Jones, Justin Falk, John Carlson - PP : Matthew Spiller - PK : John Carlson, Seth Jones
Penalty Shots
Derick Brassard, Rick Nash, Chris Kreider, Mike Green, Antoine Roussel
Scratches
David Jones (Healthy)
Coyotes
5 vs 5 Forward
Center Left Wing Right Wing Time % Phy DF OF
1 Nazem Kadri Tyler Ennis Marian Gaborik 40 1 2 2
2 Brad Richards Zach Parise Chris Stewart 30 1 2 2
3 Jamie Arniel Martin Samuelsson Evgeny Artyukhin 20 1 2 2
4 Nick Bonino Ramzi Abid Marian Gaborik 10 1 2 2
5 vs 5 Defense
Defense Defense Time % Phy DF OF
1 Kristopher Letang Anton Stralman 40 1 2 2
2 Michael Del Zotto Thomas Hickey 30 1 2 2
3 Andrew MacDonald Matt Donovan 20 1 2 2
4 Mike Weber Kristopher Letang 10 1 2 2
PowerPlay Forward
Center Left Wing Right Wing Time % Phy DF OF
1 Nazem Kadri Tyler Ennis Marian Gaborik 60 1 2 2
2 Brad Richards Zach Parise Chris Stewart 40 1 2 2
PowerPlay Defense
Defense Defense Time % Phy DF OF
1 Kristopher Letang Anton Stralman 60 1 2 2
2 Michael Del Zotto Thomas Hickey 40 1 2 2
Penalty Kill 4 Players Forward
Center Wing Time % Phy DF OF
1 Martin Samuelsson Ramzi Abid 60 1 2 2
2 Brad Richards Zach Parise 40 1 2 2
Penalty Kill 4 Players Defense
Defense Defense Time % Phy DF OF
1 Kristopher Letang Anton Stralman 60 1 2 2
2 Michael Del Zotto Thomas Hickey 40 1 2 2
Penalty Kill - 3 Players Forward
Forward Time % Phy DF OF
1 Tyler Ennis 60 1 2 2
2 Marian Gaborik 40 1 2 2
Penalty Kill - 3 Players Defense
Defense Defense Time % Phy DF OF
1 Kristopher Letang Anton Stralman 60 1 2 2
2 Michael Del Zotto Thomas Hickey 40 1 2 2
4 vs 4 Forward
Center Wing Time % Phy DF OF
1 Tyler Ennis Marian Gaborik 60 1 2 2
2 Zach Parise Nazem Kadri 40 1 2 2
4 vs 4 Defense
Defense Defense Time % Phy DF OF
1 Kristopher Letang Anton Stralman 60 1 2 2
2 Michael Del Zotto Thomas Hickey 40 1 2 2
Last Minutes Offensive
Center Left Wing Right Wing Defense Defense
Nazem Kadri Tyler Ennis Marian Gaborik Kristopher Letang Anton Stralman
Last Minutes Defensive
Center Left Wing Right Wing Defense Defense
Nazem Kadri Tyler Ennis Marian Gaborik Kristopher Letang Anton Stralman
Goaltenders
Starting : Maxime Daigneault
Backup : Thomas McCollum
Extra Forwards
Normal : Jamie Arniel, Martin Samuelsson, Evgeny Artyukhin - PP : Jamie Arniel, Martin Samuelsson - PK : Evgeny Artyukhin
Extra Defensemen
Normal : Andrew MacDonald, Matt Donovan, Mike Weber - PP : Andrew MacDonald - PK : Matt Donovan, Mike Weber
Penalty Shots
Tyler Ennis, Marian Gaborik, Zach Parise, Nazem Kadri, Brad Richards
Scratches
Josh Gorges (Healthy)
% Time on Ice - Blackhawks
Lines # - Real PCT - Wanted PCT - Time Play
Normal Forward
1 - 33% - 40% - 15:16
2 - 29% - 30% - 13:38
3 - 23% - 20% - 10:48
4 - 15% - 10% - 7:04
Normal Defense
1 - 42% - 40% - 19:27
2 - 33% - 30% - 15:14
3 - 22% - 20% - 10:18
4 - 4% - 10% - 1:47
PP Forward
1 - 61% - 60% - 2:34
2 - 39% - 40% - 1:38
PP Defense
1 - 63% - 60% - 2:39
2 - 37% - 40% - 1:33
PK Forward
1 - 78% - 60% - 6:13
2 - 22% - 40% - 1:43
PK Defense
1 - 55% - 60% - 4:23
2 - 45% - 40% - 3:33
PK3 Forward
1 - 0% - 60%
2 - 0% - 40%
PK3 Defense
1 - 0% - 60%
2 - 0% - 40%
44 Forward
1 - 0% - 60%
2 - 0% - 40%
44 Defense
1 - 0% - 60%
2 - 0% - 40%
Last Minute Offensive - 1:06
Last Minute Defensive - 0:00
Total
Forward - 60:00
Defense - 60:00
|
% Time on Ice - Coyotes
Lines # - Real PCT - Wanted PCT - Time Play
Normal Forward
1 - 31% - 40% - 14:22
2 - 30% - 30% - 14:06
3 - 26% - 20% - 12:13
4 - 13% - 10% - 6:08
Normal Defense
1 - 37% - 40% - 17:33
2 - 33% - 30% - 15:33
3 - 25% - 20% - 11:44
4 - 4% - 10% - 1:59
PP Forward
1 - 52% - 60% - 4:08
2 - 48% - 40% - 3:48
PP Defense
1 - 66% - 60% - 5:12
2 - 34% - 40% - 2:44
PK Forward
1 - 75% - 60% - 3:08
2 - 25% - 40% - 1:04
PK Defense
1 - 69% - 60% - 2:53
2 - 31% - 40% - 1:19
PK3 Forward
1 - 0% - 60%
2 - 0% - 40%
PK3 Defense
1 - 0% - 60%
2 - 0% - 40%
44 Forward
1 - 0% - 60%
2 - 0% - 40%
44 Defense
1 - 0% - 60%
2 - 0% - 40%
Last Minute Offensive - 0:00
Last Minute Defensive - 1:03
Total
Forward - 60:00
Defense - 60:00
|
Play-by-Play
1st period
0:01 of 1st period - Nazem Kadri wins face-off versus Chris Kreider in neutral zone.
0:26 of 1st period - Brad Richards is hit by Mike Green and loses puck.
0:34 of 1st period - Off-side.
0:35 of 1st period - Erik Christensen wins face-off versus Jamie Arniel in neutral zone.
1:02 of 1st period - Marian Gaborik is hit by Scott Gomez and loses puck.
1:45 of 1st period - Slapshot by Chris Kreider.
1:45 of 1st period - Stopped by Maxime Daigneault with a rebound.
2:03 of 1st period - Snap shot by Jamie Arniel.
2:03 of 1st period - Shot Misses the Net.
2:34 of 1st period - Icing by Gabriel Bourque.
2:35 of 1st period - Brad Richards wins face-off versus Scott Gomez in Blackhawks zone.
2:36 of 1st period - Slapshot by Zach Parise.
2:36 of 1st period - Stopped by Jimmy Howard without a rebound.
2:37 of 1st period - Brad Richards wins face-off versus Derick Brassard in Blackhawks zone.
4:05 of 1st period - Icing by Zach Parise.
4:06 of 1st period - Nick Bonino wins face-off versus Derick Brassard in Coyotes zone.
4:19 of 1st period - Snap shot by Nick Bonino.
4:19 of 1st period - Shot Misses the Net.
4:21 of 1st period - Snap shot by Marian Gaborik.
4:21 of 1st period - Stopped by Jimmy Howard with a rebound.
4:23 of 1st period - Slapshot by Kristopher Letang.
4:23 of 1st period - Stopped by Jimmy Howard with a rebound.
5:57 of 1st period - Antoine Roussel is hit by Marian Gaborik and loses puck.
6:12 of 1st period - Slapshot by Tomas Fleischmann.
6:12 of 1st period - Stopped by Maxime Daigneault without a rebound.
6:13 of 1st period - Brad Richards wins face-off versus Erik Christensen in Coyotes zone.
6:27 of 1st period - Snap shot by Tomas Fleischmann.
6:27 of 1st period - Stopped by Maxime Daigneault with a rebound.
6:39 of 1st period - Snap shot by Nazem Kadri.
6:39 of 1st period - Shot Misses the Net.
6:41 of 1st period - Slapshot by Matt Donovan.
6:41 of 1st period - Deflect By Nazem Kadri.
6:41 of 1st period - Stopped by Jimmy Howard without a rebound.
6:42 of 1st period - Derick Brassard wins face-off versus Nazem Kadri in Blackhawks zone.
7:07 of 1st period - Mike Weber is hit by Chris Kreider and loses puck.
7:18 of 1st period - Slapshot by Tyler Ennis.
7:18 of 1st period - Stopped by Jimmy Howard with a rebound.
7:20 of 1st period - Snap shot by Marian Gaborik.
7:20 of 1st period - Shot Misses the Net.
7:56 of 1st period - Backhand shot by Marian Gaborik.
7:56 of 1st period - Deflect By Tyler Ennis.
7:56 of 1st period - Stopped by Jimmy Howard without a rebound.
7:57 of 1st period - Cody Hodgson wins face-off versus Brad Richards in Blackhawks zone.
8:23 of 1st period - Martin Samuelsson is hit by Bobby Ryan and loses puck.
8:56 of 1st period - Slapshot by Seth Jones.
8:56 of 1st period - Stopped by Maxime Daigneault with a rebound.
10:10 of 1st period - Snap shot by Derick Brassard.
10:10 of 1st period - Deflect By Rick Nash.
10:10 of 1st period - Stopped by Maxime Daigneault without a rebound.
10:11 of 1st period - Nick Bonino wins face-off versus Derick Brassard in Coyotes zone.
11:12 of 1st period - Snap shot by Michael Del Zotto.
11:12 of 1st period - Shot Blocked by Mike Green.
11:28 of 1st period - John Carlson is hit by Marian Gaborik and loses puck.
12:05 of 1st period - Snap shot by Mike Green.
12:05 of 1st period - Shot Misses the Net.
12:07 of 1st period - Snap shot by Antoine Roussel.
12:07 of 1st period - Stopped by Maxime Daigneault with a rebound.
12:09 of 1st period - Backhand shot by Antoine Roussel.
12:09 of 1st period - Shot Blocked by Zach Parise.
12:22 of 1st period - Minor Penalty to Andrew MacDonald for Goalie Interference.
12:23 of 1st period - Rick Nash wins face-off versus Martin Samuelsson in Coyotes zone.
12:37 of 1st period - Snap shot by Chris Kreider.
12:37 of 1st period - Shot Misses the Net.
12:39 of 1st period - Wrist shot by Chris Kreider.
12:39 of 1st period - Stopped by Maxime Daigneault without a rebound.
12:40 of 1st period - Martin Samuelsson wins face-off versus Derick Brassard in Coyotes zone.
14:22 of 1st period - Penalty to Andrew MacDonald is over, Andrew MacDonald is back on ice.
14:45 of 1st period - Wrist shot by Jamie Arniel.
14:45 of 1st period - Shot Misses the Net.
14:50 of 1st period - Icing by Tomas Fleischmann.
14:51 of 1st period - Erik Christensen wins face-off versus Nick Bonino in Blackhawks zone.
15:26 of 1st period - Snap shot by Martin Samuelsson.
15:26 of 1st period - Stopped by Jimmy Howard without a rebound.
15:27 of 1st period - Chris Kreider wins face-off versus Nazem Kadri in Blackhawks zone.
15:54 of 1st period - Zach Parise is hit by Antoine Roussel and loses puck.
16:03 of 1st period - Snap shot by Brad Richards.
16:03 of 1st period - Goal by Brad Richards - Blackhawks : 0 - Coyotes : 1.
16:04 of 1st period - Nazem Kadri wins face-off versus Derick Brassard in neutral zone.
16:10 of 1st period - Icing by Justin Falk.
16:11 of 1st period - Nazem Kadri wins face-off versus Derick Brassard in Blackhawks zone.
16:12 of 1st period - Slapshot by Tyler Ennis.
16:12 of 1st period - Shot Misses the Net.
16:19 of 1st period - Off-side.
16:20 of 1st period - Derick Brassard wins face-off versus Nazem Kadri in neutral zone.
16:59 of 1st period - Brad Richards is hit by Garnet Hathaway and loses puck.
17:10 of 1st period - Tomas Fleischmann is hit by Evgeny Artyukhin and loses puck.
17:19 of 1st period - Snap shot by Jamie Arniel.
17:19 of 1st period - Shot Misses the Net.
17:21 of 1st period - Snap shot by Martin Samuelsson.
17:21 of 1st period - Shot Misses the Net.
17:23 of 1st period - Snap shot by Evgeny Artyukhin.
17:23 of 1st period - Stopped by Jimmy Howard with a rebound.
17:33 of 1st period - Slapshot by Seth Jones.
17:33 of 1st period - Shot Misses the Net.
17:35 of 1st period - Slapshot by Kevin Marshall.
17:35 of 1st period - Stopped by Maxime Daigneault with a rebound.
17:39 of 1st period - Wrist shot by Gabriel Bourque.
17:39 of 1st period - Stopped by Maxime Daigneault with a rebound.
17:41 of 1st period - Snap shot by Brandon Yip.
17:41 of 1st period - Shot Misses the Net.
17:43 of 1st period - Slapshot by Gabriel Bourque.
17:43 of 1st period - Shot Misses the Net.
17:57 of 1st period - Snap shot by Brad Richards.
17:57 of 1st period - Stopped by Jimmy Howard without a rebound.
17:58 of 1st period - Derick Brassard wins face-off versus Brad Richards in Blackhawks zone.
18:23 of 1st period - Nazem Kadri is hit by Mike Green and loses puck.
18:34 of 1st period - Justin Falk is hit by Marian Gaborik and loses puck.
19:03 of 1st period - Minor Penalty to Michael Del Zotto for Roughing.
19:04 of 1st period - Derick Brassard wins face-off versus Martin Samuelsson in Coyotes zone.
19:31 of 1st period - Antoine Roussel is hit by Brad Richards and loses puck.
Goals for this period are 0 for Blackhawks vs 1 for Coyotes.
Shots for this period are 9 for Blackhawks vs 10 for Coyotes.
2nd period
0:01 of 2nd period - Martin Samuelsson wins face-off versus Derick Brassard in neutral zone.
1:03 of 2nd period - Penalty to Michael Del Zotto is over, Michael Del Zotto is back on ice.
1:13 of 2nd period - Justin Falk is hit by Brad Richards.
1:45 of 2nd period - Wrist shot by Brad Richards.
1:45 of 2nd period - Stopped by Jimmy Howard without a rebound.
1:46 of 2nd period - Rick Nash wins face-off versus Nazem Kadri in Blackhawks zone.
2:25 of 2nd period - Snap shot by Jamie Arniel.
2:25 of 2nd period - Shot Misses the Net.
2:27 of 2nd period - Wrist shot by Martin Samuelsson.
2:27 of 2nd period - Shot Misses the Net.
2:53 of 2nd period - Slapshot by John Carlson.
2:53 of 2nd period - Shot Blocked by Zach Parise.
2:57 of 2nd period - Slapshot by Gabriel Bourque.
2:57 of 2nd period - Deflect By Brandon Yip.
2:57 of 2nd period - Stopped by Maxime Daigneault without a rebound.
2:58 of 2nd period - Jamie Arniel wins face-off versus Scott Gomez in Coyotes zone.
3:09 of 2nd period - Slapshot by Anton Stralman.
3:09 of 2nd period - Stopped by Jimmy Howard without a rebound.
3:10 of 2nd period - Nazem Kadri wins face-off versus Derick Brassard in Blackhawks zone.
3:11 of 2nd period - Slapshot by Marian Gaborik.
3:11 of 2nd period - Stopped by Jimmy Howard with a rebound.
3:44 of 2nd period - Off-side.
3:45 of 2nd period - Brad Richards wins face-off versus Cody Hodgson in neutral zone.
3:48 of 2nd period - Slapshot by Zach Parise.
3:48 of 2nd period - Stopped by Jimmy Howard without a rebound.
3:49 of 2nd period - Cody Hodgson wins face-off versus Brad Richards in Blackhawks zone.
4:00 of 2nd period - Slapshot by Mike Green.
4:00 of 2nd period - Deflect By Thomas Hickey.
4:00 of 2nd period - Stopped by Maxime Daigneault with a rebound.
4:40 of 2nd period - Snap shot by Tomas Fleischmann.
4:40 of 2nd period - Shot Misses the Net.
4:42 of 2nd period - Wrist shot by Bobby Ryan.
4:42 of 2nd period - Shot Blocked by Thomas Hickey.
5:44 of 2nd period - Wrist shot by Scott Gomez.
5:44 of 2nd period - Stopped by Maxime Daigneault with a rebound.
7:14 of 2nd period - Mike Green is hit by Matt Donovan and loses puck.
7:28 of 2nd period - Icing by Mike Green.
7:29 of 2nd period - Erik Christensen wins face-off versus Nazem Kadri in Blackhawks zone.
8:20 of 2nd period - Slapshot by Gabriel Bourque.
8:20 of 2nd period - Stopped by Maxime Daigneault without a rebound.
8:21 of 2nd period - Nazem Kadri wins face-off versus Gabriel Bourque in Coyotes zone.
8:28 of 2nd period - Wrist shot by Marian Gaborik.
8:28 of 2nd period - Stopped by Jimmy Howard without a rebound.
8:29 of 2nd period - Nazem Kadri wins face-off versus Rick Nash in Blackhawks zone.
8:38 of 2nd period - Wrist shot by Marian Gaborik.
8:38 of 2nd period - Shot Misses the Net.
8:52 of 2nd period - Nazem Kadri is hit by Rick Nash and loses puck.
9:03 of 2nd period - Snap shot by Derick Brassard.
9:03 of 2nd period - Deflect By Rick Nash.
9:03 of 2nd period - Shot Blocked by Michael Del Zotto.
9:03 of 2nd period - Puck is out of play.
9:04 of 2nd period - Antoine Roussel wins face-off versus Brad Richards in Coyotes zone.
9:12 of 2nd period - Slapshot by Cody Hodgson.
9:12 of 2nd period - Shot Misses the Net.
9:14 of 2nd period - Wrist shot by Garnet Hathaway.
9:14 of 2nd period - Stopped by Maxime Daigneault without a rebound.
9:15 of 2nd period - Cody Hodgson wins face-off versus Nazem Kadri in Coyotes zone.
9:16 of 2nd period - Slapshot by John Carlson.
9:16 of 2nd period - Deflect By Cody Hodgson.
9:16 of 2nd period - Stopped by Maxime Daigneault with a rebound.
9:18 of 2nd period - Snap shot by Antoine Roussel.
9:18 of 2nd period - Shot Misses the Net.
9:20 of 2nd period - Slapshot by Mike Green.
9:20 of 2nd period - Shot Misses the Net.
9:22 of 2nd period - Slapshot by John Carlson.
9:22 of 2nd period - Goal by John Carlson - Blackhawks : 1 - Coyotes : 1.
9:23 of 2nd period - Nazem Kadri wins face-off versus Derick Brassard in neutral zone.
9:49 of 2nd period - Antoine Roussel is hit by Brad Richards and loses puck.
10:14 of 2nd period - Seth Jones is hit by Evgeny Artyukhin and loses puck.
10:29 of 2nd period - Marian Gaborik is hit by Kevin Marshall.
10:53 of 2nd period - Wrist shot by Gabriel Bourque.
10:53 of 2nd period - Stopped by Maxime Daigneault with a rebound.
10:55 of 2nd period - Wrist shot by Gabriel Bourque.
10:55 of 2nd period - Shot Misses the Net.
10:57 of 2nd period - Snap shot by Scott Gomez.
10:57 of 2nd period - Stopped by Maxime Daigneault without a rebound.
10:58 of 2nd period - Cody Hodgson wins face-off versus Brad Richards in Coyotes zone.
11:03 of 2nd period - Slapshot by John Carlson.
11:03 of 2nd period - Stopped by Maxime Daigneault without a rebound.
11:04 of 2nd period - Brad Richards wins face-off versus Cody Hodgson in Coyotes zone.
11:34 of 2nd period - Icing by Zach Parise.
11:35 of 2nd period - Erik Christensen wins face-off versus Brad Richards in Coyotes zone.
11:48 of 2nd period - Justin Falk is hit by Brad Richards and loses puck.
12:31 of 2nd period - Wrist shot by Zach Parise.
12:31 of 2nd period - Shot Misses the Net.
12:33 of 2nd period - Slapshot by Anton Stralman.
12:33 of 2nd period - Stopped by Jimmy Howard with a rebound.
12:35 of 2nd period - Wrist shot by Chris Stewart.
12:35 of 2nd period - Stopped by Jimmy Howard with a rebound.
12:37 of 2nd period - Snap shot by Zach Parise.
12:37 of 2nd period - Stopped by Jimmy Howard without a rebound.
12:38 of 2nd period - Derick Brassard wins face-off versus Nazem Kadri in Blackhawks zone.
13:05 of 2nd period - Garnet Hathaway is hit by Thomas Hickey and loses puck.
13:28 of 2nd period - Slapshot by Scott Gomez.
13:28 of 2nd period - Deflect By Brandon Yip.
13:28 of 2nd period - Shot Misses the Net.
13:28 of 2nd period - Puck is out of play.
13:29 of 2nd period - Scott Gomez wins face-off versus Jamie Arniel in Coyotes zone.
13:54 of 2nd period - Rick Nash is hit by Thomas Hickey and loses puck.
14:19 of 2nd period - Snap shot by Antoine Roussel.
14:19 of 2nd period - Shot Blocked by Kristopher Letang.
14:21 of 2nd period - Wrist shot by Cody Hodgson.
14:21 of 2nd period - Shot Blocked by Kristopher Letang.
14:35 of 2nd period - Snap shot by Erik Christensen.
14:35 of 2nd period - Shot Blocked by Anton Stralman.
14:59 of 2nd period - Wrist shot by Evgeny Artyukhin.
14:59 of 2nd period - Shot Misses the Net.
15:01 of 2nd period - Slapshot by Anton Stralman.
15:01 of 2nd period - Stopped by Jimmy Howard with a rebound.
15:03 of 2nd period - Snap shot by Martin Samuelsson.
15:03 of 2nd period - Goal by Martin Samuelsson - Blackhawks : 1 - Coyotes : 2.
15:04 of 2nd period - Derick Brassard wins face-off versus Brad Richards in neutral zone.
15:07 of 2nd period - Wrist shot by Rick Nash.
15:07 of 2nd period - Stopped by Maxime Daigneault without a rebound.
15:08 of 2nd period - Brad Richards wins face-off versus Derick Brassard in Coyotes zone.
15:14 of 2nd period - Icing by John Carlson.
15:15 of 2nd period - Nazem Kadri wins face-off versus Derick Brassard in Blackhawks zone.
15:16 of 2nd period - Snap shot by Tyler Ennis.
15:16 of 2nd period - Stopped by Jimmy Howard with a rebound.
15:18 of 2nd period - Slapshot by Tyler Ennis.
15:18 of 2nd period - Stopped by Jimmy Howard with a rebound.
15:24 of 2nd period - Snap shot by Tyler Ennis.
15:24 of 2nd period - Deflect By Nazem Kadri.
15:24 of 2nd period - Stopped by Jimmy Howard with a rebound.
15:26 of 2nd period - Slapshot by Kristopher Letang.
15:26 of 2nd period - Shot Misses the Net.
15:28 of 2nd period - Slapshot by Nazem Kadri.
15:28 of 2nd period - Shot Blocked by John Carlson.
15:30 of 2nd period - Snap shot by Tyler Ennis.
15:30 of 2nd period - Stopped by Jimmy Howard with a rebound.
15:32 of 2nd period - Snap shot by Nazem Kadri.
15:32 of 2nd period - Shot Misses the Net.
15:50 of 2nd period - Snap shot by Antoine Roussel.
15:50 of 2nd period - Stopped by Maxime Daigneault without a rebound.
15:51 of 2nd period - Cody Hodgson wins face-off versus Nazem Kadri in Coyotes zone.
15:52 of 2nd period - Slapshot by Antoine Roussel.
15:52 of 2nd period - Stopped by Maxime Daigneault without a rebound.
15:53 of 2nd period - Nazem Kadri wins face-off versus Cody Hodgson in Coyotes zone.
16:14 of 2nd period - Minor Penalty to Garnet Hathaway for Roughing.
16:15 of 2nd period - Scott Gomez wins face-off versus Nazem Kadri in Blackhawks zone.
18:14 of 2nd period - Penalty to Garnet Hathaway is over, Garnet Hathaway is back on ice.
18:33 of 2nd period - Martin Samuelsson is hit by Cody Hodgson.
18:59 of 2nd period - Andrew MacDonald is hit by Chris Kreider and loses puck.
19:17 of 2nd period - Off-side.
19:18 of 2nd period - Brad Richards wins face-off versus Cody Hodgson in neutral zone.
Goals for this period are 1 for Blackhawks vs 1 for Coyotes.
Shots for this period are 13 for Blackhawks vs 14 for Coyotes.
3rd period
0:01 of 3rd period - Nazem Kadri wins face-off versus Derick Brassard in neutral zone.
0:06 of 3rd period - Slapshot by Kristopher Letang.
0:06 of 3rd period - Shot Misses the Net.
0:14 of 3rd period - Slapshot by Chris Kreider.
0:14 of 3rd period - Shot Misses the Net.
0:16 of 3rd period - Slapshot by Mike Green.
0:16 of 3rd period - Stopped by Maxime Daigneault with a rebound.
0:37 of 3rd period - Wrist shot by Brad Richards.
0:37 of 3rd period - Stopped by Jimmy Howard without a rebound.
0:38 of 3rd period - Nazem Kadri wins face-off versus Derick Brassard in Blackhawks zone.
0:55 of 3rd period - Wrist shot by Derick Brassard.
0:55 of 3rd period - Shot Misses the Net.
1:05 of 3rd period - Justin Falk is hit by Zach Parise and loses puck.
1:18 of 3rd period - Snap shot by Zach Parise.
1:18 of 3rd period - Stopped by Jimmy Howard with a rebound.
1:36 of 3rd period - Snap shot by Cody Hodgson.
1:36 of 3rd period - Stopped by Maxime Daigneault with a rebound.
1:57 of 3rd period - Minor Penalty to Bobby Ryan for Holding.
1:58 of 3rd period - Scott Gomez wins face-off versus Nazem Kadri in Blackhawks zone.
3:42 of 3rd period - Off-side.
3:43 of 3rd period - Brandon Yip wins face-off versus Nazem Kadri in neutral zone.
3:57 of 3rd period - Penalty to Bobby Ryan is over, Bobby Ryan is back on ice.
4:08 of 3rd period - Backhand shot by Evgeny Artyukhin.
4:08 of 3rd period - Stopped by Jimmy Howard without a rebound.
4:09 of 3rd period - Derick Brassard wins face-off versus Jamie Arniel in Blackhawks zone.
4:09 of 3rd period - Derick Brassard is hit by Evgeny Artyukhin.
4:39 of 3rd period - Snap shot by Evgeny Artyukhin.
4:39 of 3rd period - Shot Blocked by Seth Jones.
4:44 of 3rd period - Seth Jones is hit by Jamie Arniel and loses puck.
4:57 of 3rd period - Snap shot by Gabriel Bourque.
4:57 of 3rd period - Stopped by Maxime Daigneault with a rebound.
4:59 of 3rd period - Snap shot by Brandon Yip.
4:59 of 3rd period - Deflect By Scott Gomez.
4:59 of 3rd period - Shot Misses the Net.
4:59 of 3rd period - Puck is out of play.
5:00 of 3rd period - Gabriel Bourque wins face-off versus Nazem Kadri in Coyotes zone.
5:15 of 3rd period - Brandon Yip is hit by Tyler Ennis and loses puck.
5:58 of 3rd period - Slapshot by Anton Stralman.
5:58 of 3rd period - Stopped by Jimmy Howard with a rebound.
6:00 of 3rd period - Snap shot by Ramzi Abid.
6:00 of 3rd period - Stopped by Jimmy Howard with a rebound.
6:44 of 3rd period - Snap shot by Nick Bonino.
6:44 of 3rd period - Shot Misses the Net.
7:38 of 3rd period - Rick Nash is hit by Nazem Kadri and loses puck.
8:58 of 3rd period - Minor Penalty to Chris Kreider for Interference.
8:59 of 3rd period - Brad Richards wins face-off versus Scott Gomez in Blackhawks zone.
9:04 of 3rd period - Wrist shot by Kristopher Letang.
9:04 of 3rd period - Shot Misses the Net.
9:06 of 3rd period - Snap shot by Zach Parise.
9:06 of 3rd period - Shot Misses the Net.
9:08 of 3rd period - Wrist shot by Zach Parise.
9:08 of 3rd period - Shot Blocked by Scott Gomez.
9:10 of 3rd period - Backhand shot by Zach Parise.
9:10 of 3rd period - Stopped by Jimmy Howard without a rebound.
9:11 of 3rd period - Brad Richards wins face-off versus Scott Gomez in Blackhawks zone.
9:12 of 3rd period - Snap shot by Zach Parise.
9:12 of 3rd period - Stopped by Jimmy Howard without a rebound.
9:13 of 3rd period - Brad Richards wins face-off versus Scott Gomez in Blackhawks zone.
10:58 of 3rd period - Penalty to Chris Kreider is over, Chris Kreider is back on ice.
11:14 of 3rd period - Wrist shot by Derick Brassard.
11:14 of 3rd period - Stopped by Maxime Daigneault with a rebound.
11:51 of 3rd period - Off-side.
11:52 of 3rd period - Derick Brassard wins face-off versus Brad Richards in neutral zone.
12:15 of 3rd period - Minor Penalty to Brad Richards for Hooking.
12:16 of 3rd period - Martin Samuelsson wins face-off versus Derick Brassard in Coyotes zone.
12:29 of 3rd period - Wrist shot by Chris Kreider.
12:29 of 3rd period - Goal by Chris Kreider - Blackhawks : 2 - Coyotes : 2.
12:30 of 3rd period - Nazem Kadri wins face-off versus Derick Brassard in neutral zone.
13:09 of 3rd period - Cody Hodgson is hit by Anton Stralman and loses puck.
14:09 of 3rd period - Snap shot by Chris Stewart.
14:09 of 3rd period - Shot Blocked by Matthew Spiller.
14:26 of 3rd period - Minor Penalty to Garnet Hathaway for Holding.
14:27 of 3rd period - Scott Gomez wins face-off versus Nazem Kadri in Blackhawks zone.
15:03 of 3rd period - Wrist shot by Zach Parise.
15:03 of 3rd period - Shot Blocked by Kevin Marshall.
16:26 of 3rd period - Penalty to Garnet Hathaway is over, Garnet Hathaway is back on ice.
16:35 of 3rd period - Snap shot by Gabriel Bourque.
16:35 of 3rd period - Stopped by Maxime Daigneault without a rebound.
16:36 of 3rd period - Jamie Arniel wins face-off versus Antoine Roussel in Coyotes zone.
17:24 of 3rd period - Slapshot by John Carlson.
17:24 of 3rd period - Stopped by Maxime Daigneault without a rebound.
17:25 of 3rd period - Derick Brassard wins face-off versus Nazem Kadri in Coyotes zone.
18:11 of 3rd period - Justin Falk is hit by Evgeny Artyukhin and loses puck.
18:34 of 3rd period - Snap shot by Marian Gaborik.
18:34 of 3rd period - Goal by Marian Gaborik - Blackhawks : 2 - Coyotes : 3.
18:35 of 3rd period - Bobby Ryan wins face-off versus Nick Bonino in neutral zone.
18:46 of 3rd period - Blackhawks, Jimmy Howard is pulled from the net.
18:50 of 3rd period - Wrist shot by Erik Christensen.
18:50 of 3rd period - Stopped by Maxime Daigneault with a rebound.
19:00 of 3rd period - Derick Brassard is hit by Tyler Ennis and loses puck.
19:13 of 3rd period - Slapshot by Derick Brassard.
19:13 of 3rd period - Stopped by Maxime Daigneault with a rebound.
19:15 of 3rd period - Snap shot by Derick Brassard.
19:15 of 3rd period - Shot Misses the Net.
19:17 of 3rd period - Wrist shot by Derick Brassard.
19:17 of 3rd period - Stopped by Maxime Daigneault without a rebound.
19:18 of 3rd period - John Tortorella call a timeout for Blackhawks.
19:18 of 3rd period - Nazem Kadri wins face-off versus Chris Kreider in Coyotes zone.
19:27 of 3rd period - John Carlson is hit by Tyler Ennis and loses puck.
Goals for this period are 1 for Blackhawks vs 1 for Coyotes.
Shots for this period are 10 for Blackhawks vs 8 for Coyotes.
Back to the Top